 Dungeon Crawl Stone Soup version 0.29-a0-11-ga75d3d97ab (webtiles) character file.

Game seed: 10535191593155558405

333 jt the Sneak (level 6, -11/56 HPs)
             Began as a Naga Delver on Jan 28, 2022.
             Was a Plaything of Xom.
             Engulfed by a cloud of flame (18 damage)
             ... on level 3 of the Dungeon.
             The game lasted 00:09:47 (2819 turns).

jt the Sneak (Naga Delver)                          Turns: 2819, Time: 00:09:48

Health: -11/56     AC:  4    Str: 16    XL:     6   Next: 52%
Magic:  6/6        EV:  9    Int: 10    God:    Xom [..*...]
Gold:   119        SH:  0    Dex: 13    Spells: 3/5 levels left

rFire   . . .      SeeInvis +   a - +0 hand axe
rCold   . . .      Faith    .   (no shield)
rNeg    . . .      Spirit   .   b - +0 leather armour
rPois   +          Reflect  .   C - +0 helmet
rElec   .          Harm     .   (no cloak)
rCorr   .          Rampage  .   (no gloves)
Will    .....                   (no barding)
Stlth   ++........              (no amulet)
HPRegen 0.18/turn               (no ring)
MPRegen 0.10/turn               (no ring)

@: lit by a corona, glowing, very slow
A: AC +2, large, see invisible, deformed body, poison resistance, slowness 2,
spit poison 1, naga tail 1
a: Spit Poison, Renounce Religion


You were on level 3 of the Dungeon.
You worshipped Xom.
You were a toy of Xom.
You visited 1 branch of the dungeon, and saw 6 of its levels.

You collected 119 gold pieces.

Inventory:

Hand Weapons
 a - a +0 hand axe (weapon)
 f - a +0 dagger of venom
 h - a +0 hand crossbow
 x - a +0 spear
Missiles
 i - 10 bolts
 j - 30 poisoned darts
 k - 95 stones
 p - 14 sling bullets
 s - 4 javelins
 y - a throwing net
Armour
 b - a +0 leather armour (worn)
 n - a +1 hat
 C - a +0 helmet (worn)
Wands
 g - a wand of digging (3)
 m - a wand of iceblast (11)
 q - a wand of flame (18)
Scrolls
 c - a scroll of fog
 d - 2 scrolls of magic mapping
 e - a scroll of fear
 u - a scroll of torment
 w - a scroll of enchant weapon {unknown}
 z - 2 scrolls of blinking {unknown}
 A - a scroll of teleportation
 B - 2 scrolls of enchant armour {unknown}
Potions
 o - 2 potions of curing {unknown}
 r - 2 potions of heal wounds
 t - 3 potions of might
 v - a potion of mutation {unknown}


   Skills:
 - Level 3.0 Fighting
 + Level 6.1 Axes
 - Level 1.5 Dodging
 - Level 7.2 Stealth
 + Level 2.4 Evocations


You had 3 spell levels left.
You knew the following spells:

 Your Spells              Type           Power      Damage    Failure   Level
a - Blink                 Tloc           0%         N/A       56%         2

Your spell library contained the following spells:

 Spells                   Type           Power      Damage    Failure   Level
 Summon Small Mammal      Summ           0%         N/A       43%         1
 Sublimation of Blood     Necr           0%         N/A       56%         2
 Wereblood                Tmut           0%         N/A       56%         2
 Call Canine Familiar     Summ           0%         N/A       80%         3
 Summon Guardian Golem    Hex/Summ       0%         N/A       80%         3
 Manifold Assault         Tloc           0%         N/A       100%        5
 Storm Form               Tmut/Air       0%         N/A       100%        7
 Summon Hydra             Summ           0%         N/A       100%        7


Dungeon Overview and Level Annotations

Branches:
Dungeon (6/15)
 Temple: D:4-7

Altars:
Okawaru
Xom


Innate Abilities, Weirdness & Mutations

Your serpentine skin is tough. (AC +2)
You have supernaturally acute eyesight. (SInv)
Armour fits poorly on your strangely shaped body.
Your system is resistant to poisons. (rPois)
You cover ground very slowly.
You can spit poison.
You have a snake-like lower body.


Message History

The gnoll hits the plant with a +0 flail!
The plant begins to die.
The gnoll hits the plant with a +0 spear!
The gnoll hits the plant with a +0 halberd.
The gnoll shaman calls upon its god to speed up the gnoll.
The gnoll seems to speed up.
A dart slug comes into view.
You hit the kobold. You hit the plant.
The plant begins to die.
You hit the plant.
The plant begins to die.
The kobold explodes!
The fiery explosion engulfs you!!
Ouch! That really hurt!
* * * LOW HITPOINT WARNING * * *
The fiery explosion engulfs the gnoll shaman.
Flame seeps out of the gnoll shaman.
The gnoll shaman is moderately wounded.
The fiery explosion engulfs the plant!!
The plant is lightly damaged.
The fiery explosion engulfs the gnoll!!!
The gnoll explodes!
The fiery explosion engulfs the plant!!
The plant is lightly damaged.
The fiery explosion engulfs the plant!!!
The plant is moderately damaged.
The fiery explosion engulfs the gnoll!!!
The fiery explosion engulfs the gnoll shaman!!
The fiery explosion engulfs the plant!!
The plant is lightly damaged.
The fiery explosion engulfs the gnoll!!
The gnoll explodes!
The fiery explosion engulfs the gnoll!!!
The gnoll explodes!
The gnoll shaman explodes!
The fiery explosion engulfs the plant!!!
The plant is heavily damaged.
The gnoll explodes!
The fiery explosion engulfs the plant!!
The plant is moderately damaged.
You are engulfed in blazing flames.
You die...
Xom howls with laughter!

### ..# ..##
...# >..
#####§#w#.#
##§§§§§§...#
#.@P§§§...##
#..PP§§§P.#
#.P.Pg....#
#.P.....P.#
#.P.P..PP.#
#.PP...PP.#
#......P..#
##.......#
.......#


You could see a gnoll (inner flame) and a dart slug.

Vanquished Creatures
  A lemure (D:4)
  A kobold brigand (D:6)
  A scorpion (D:6)
  A bullfrog skeleton (D:4)
  A gnoll shaman (D:3)
  A centaur skeleton (D:6)
  A hound skeleton (D:3)
  6 gnolls
  4 adders (D:2)
  An adder skeleton (D:4)
  An adder zombie (D:3)
  3 worms
  An orc (D:6)
  7 endoplasms
  5 giant cockroaches
  8 goblins
  4 hobgoblins
  14 kobolds
  4 quokkas
  4 ball pythons
  5 bats
  6 rats
80 creatures vanquished.

Vanquished Creatures (others)
  4 plants (D:3)
4 creatures vanquished.

Grand Total: 84 creatures vanquished

Notes
Turn   | Place    | Note
-------+----------+-------------------------------------------
     0 | D:5      | jt the Naga Delver began the quest for the Orb.
     0 | D:5      | Reached XP level 1. HP: 21/21 MP: 1/1
    18 | D:5      | Noticed an iguana
    43 | D:5      | Noticed an iguana
    43 | D:5      | Noticed an iguana
    55 | D:6      | Noticed a hornet zombie
    68 | D:6      | Noticed a scorpion
    76 | D:6      | Killed a scorpion
    77 | D:6      | Reached XP level 2. HP: 28/28 MP: 2/2
    77 | D:6      | Reached XP level 3. HP: 34/34 MP: 3/3
    96 | D:6      | Noticed an ogre
   122 | D:6      | Reached XP level 4. HP: 36/42 MP: 4/4
   201 | D:6      | Noticed a kobold brigand
   233 | D:6      | HP: 2/42 [kobold brigand (4)]
   234 | D:6      | Killed a kobold brigand
   235 | D:6      | Reached skill level 5 in Axes
   235 | D:6      | Reached XP level 5. HP: 3/49 MP: 5/5
   243 | D:6      | HP: 1/49 [kobold (2)]
   677 | D:4      | Noticed a lemure
   701 | D:4      | Killed a lemure
   895 | D:4      | Noticed an ogre
   932 | D:4      | Reached skill level 1 in Evocations
  1120 | D:1      | Found a faded altar of an unknown god.
  1167 | D:1      | Prayed at the altar of an unknown god.
  1167 | D:1      | Became a worshipper of Xom of Chaos
  1291 | D:1      | Reached XP level 6. HP: 52/56 MP: 6/6
  1417 | D:1      | XOM: silly message
  2220 | D:2      | Learned a level 2 spell: Blink
  2386 | D:2      | XOM: confuse monster(s)
  2726 | D:3      | Found an iron altar of Okawaru.
  2736 | D:3      | XOM: smoke on damage
  2758 | D:3      | XOM: cloud trail
  2811 | D:3      | XOM: 1-stop teleportation journey
  2819 | D:3      | Engulfed by a cloud of flame

Illustrated notes

Levels and vault maps discovered:
D:1:      lightli_arrival_isolated_outpost, layout_rooms,
          shapermc_ecumenical_altar_pompeii, chequers_serial_rivers_micro_a
D:2:      layout_basic, minmay_mini_jars
D:3:      minmay_door_path, layout_basic, okawaru_metal_pillars_3,
          serial_undead, serial_undead_d, serial_undead_a, serial_undead_e,
          serial_undead_d, nicolae_grassy_gnolls
D:4:      layout_loops_ring, uniq_pikel
D:5:      layout_cave_pools, amcnicky_mini_pool_medium
D:6:      layout_basic

Skill      XL: |  1  2  3  4  5  6 |
---------------+-------------------+-----
Axes           | 4 5 6 |  6.1
Evocations     | 1 2 |  2.4
Fighting       | |  3.0
Dodging        | |  1.5
Stealth        | |  7.2

Action                   |  1- 3 |  4- 6 || total
-------------------------+-------+-------++-------
Melee: Hand axe          |     1 |   187 ||   188
       Punch             |       |     3 ||     3
 Abil: Spit Poison       |     2 |    23 ||    25
  Use: Potion            |     1 |     1 ||     2
       Scroll            |       |     6 ||     6
 Stab: Sleeping          |       |    18 ||    18
Armor: Leather armour    |     2 |    47 ||    49
Dodge: Dodged            |     1 |    85 ||    86

Table legend: (Time is in decaauts)
 A = Elapsed time spent in this place.
 B = Non-inter-level travel time spent in this place.
 C = Inter-level travel time spent in this place.
 D = Time resting spent in this place.
 E = Time spent auto-exploring this place.
 F = Levels seen in this place.
 G = Mean time per level.
                   A        B        C        D        E       F      G
               +--------+--------+--------+--------+--------+-----+--------+
         Total |   3437 |   3418 |     19 |    723 |   1355 |   6 |  572.8 |
       Dungeon |   3437 |   3418 |     19 |    723 |   1355 |   6 |  572.8 |
               +--------+--------+--------+--------+--------+-----+--------+

Top non-repeatable levels by time:
     D:2: 1191 daAuts
     D:1: 819 daAuts
     D:6: 639 daAuts
     D:4: 345 daAuts
     D:3: 318 daAuts
     D:5: 123 daAuts
